 Dungeon Crawl Stone Soup version 0.27.1 (webtiles) character file.

Game seed: 12814072917975913533

703 ZARRMARR the Grappler (level 7, -12/61 HPs)
             Began as a Ghoul Monk on Aug 28, 2021.
             Was an Initiate of Gozag.
             Mangled by an ogre (21 damage)
             ... on level 5 of the Dungeon.
             The game lasted 00:23:52 (6551 turns).

ZARRMARR the Grappler (Ghoul Monk)                  Turns: 6551, Time: 00:23:52

Health: -12/61     AC:  6    Str: 17    XL:     7   Next: 66%
Magic:  6/6        EV: 12    Int:  5    God:    Gozag
Gold:   296        SH:  0    Dex: 11    Spells: 6/6 levels left

rFire    . . .     SeeInvis +     - Unarmed
rCold    + + +     Faith    .   (no shield)
rNeg     + + +     Spirit   .   q - +2 leather armour {rC+}
rPois    ∞         Reflect  .   (no helmet)
rElec    .         Harm     .   (no cloak)
rCorr    .         Rampage  .   (no gloves)
Will     .....                  p - +0 pair of boots
Stlth    ++........             (no amulet)
HPRegen  0.00/turn              c - ring of Soitach {Fly rC+ SInv}
MPRegen  0.10/turn              h - ring of wizardry

@: flying, inhibited regen
A: claws 1, cold resistance 1, negative energy resistance 3, inhibited
regeneration, torment resistance 2
a: Renounce Religion, Potion Petition, Call Merchant, Bribe Branch


You were on level 5 of the Dungeon.
You worshipped Gozag.
Gozag was aware of your devotion.
You visited 2 branches of the dungeon, and saw 6 of its levels.

You collected 296 gold pieces.

Inventory:

Missiles
 b - 140 stones
 d - 9 poisoned darts (quivered)
 e - 6 boomerangs
 u - 6 curare-tipped darts
Armour
 a - a +0 robe
 p - a +0 pair of boots (worn)
 q - a +2 leather armour of cold resistance (worn)
Jewellery
 c - the ring of Soitach (left claw) {Fly rC+ SInv}
   (You acquired it on level 1 of the Dungeon)

   [ring of flight]

   rC:        It protects you from cold.
   SInv:      It lets you see invisible.
   Fly:       It grants you flight.
 h - a ring of wizardry (right claw)
Wands
 k - a wand of flame (13)
 m - a wand of acid (11)
Scrolls
 f - a scroll of vulnerability {unknown}
 g - 2 scrolls of immolation
 i - a scroll of magic mapping
 j - a scroll of fog {unknown}
 l - a scroll of noise {unknown}
 n - a scroll of holy word {unknown}
 r - a scroll of teleportation
 t - a scroll of fear {unknown}
Potions
 o - a potion of cancellation {unknown}
 s - a potion of attraction {unknown}


   Skills:
 + Level 5.0 Fighting
 - Level 2.6 Dodging
 + Level 4.1 Stealth
 + Level 8.1 Unarmed Combat
 + Level 0.1 Evocations


You had 6 spell levels left.
You didn't know any spells.
Your spell library contained the following spells:

 Spells                   Type           Power      Damage    Failure   Level
 Dazzling Flash           Conj/Hex       0%         N/A       58%         3
 Agony                    Necr           0%         N/A       99%         5
 Silence                  Hex/Air        0%         N/A       99%         5


Dungeon Overview and Level Annotations

Branches:
Dungeon (5/15)             Temple (1/1) D:4

Altars:
Ashenzari
Elyvilon
Fedhas
Gozag
Hepliaklqana
Nemelex Xobeh
Okawaru
Uskayaw
Vehumet
Wu Jian
Xom
Yredelemnul
The Shining One

Shops:
D:2 *(   D:4 **


Innate Abilities, Weirdness & Mutations

You thrive by killing the living.
You are immune to poison.
You have sharp fingernails.
Your flesh is cold resistant. (rC+)
You are immune to negative energy. (rN+++)
You do not regenerate when monsters are visible.
You are immune to unholy pain and torment.


Message History

Unknown command.
Throw: 12 darts (poison)
Press: ? - help, Q - select action, (/) - cycle Shift-Dir - straight line, f/p - ogre
Aim: an ogre, wielding a +0 giant spiked club (lightly wounded, poisoned, 73% to hit)
You throw a poisoned dart. The poisoned dart hits the ogre.
The ogre is lightly wounded.
Throw: 11 darts (poison)
Press: ? - help, Q - select action, (/) - cycle Shift-Dir - straight line, f/p - ogre
Aim: an ogre, wielding a +0 giant spiked club (lightly wounded, poisoned, 73% to hit)
You throw a poisoned dart. The poisoned dart hits the ogre.
The ogre looks even sicker.
The ogre is lightly wounded.
You barely miss the ogre.
The ogre is lightly wounded.
You barely miss the ogre.
The ogre is lightly wounded.
The ogre hits you with a +0 giant spiked club!
You completely miss the ogre.
The ogre is lightly wounded.
The ogre closely misses you.
You scratch the ogre.
The ogre is lightly wounded.
You claw the ogre!
The ogre is heavily wounded.
The ogre hits you with a +0 giant spiked club!
You scratch the ogre.
The ogre is heavily wounded.
The ogre hits you with a +0 giant spiked club!!
* * * LOW HITPOINT WARNING * * *
Throw: 10 darts (poison)
Press: ? - help, Q - select action, (/) - cycle Shift-Dir - straight line, f/p - ogre
Aim: an ogre, wielding a +0 giant spiked club (severely wounded, poisoned, 73% to hit)
You throw a poisoned dart. The poisoned dart hits the ogre.
The ogre looks even sicker.
The ogre is severely wounded.
You scratch the ogre but do no damage.
The ogre is severely wounded.
The ogre hits you with a +0 giant spiked club!!
You die...
Your body crumbles into a pile of gold.

##.........#.........# #
#..##......#.........# .#
#.##########..##.##..##.# #.#
#..#..#...#..#... ### #.#
#......._.......# ..######.#
#..#..#...#..##.. #.. ...#.#
####.#..##.##..# . ##..
#.#.#####....#.........# ....
#........O@#.#.......(.#
##..###.##.##.#>.#.#####.#####
(((([...##.##.#..#...<.....#
##.####.##.........##..###.# #
#.##.##.#..####..# #.#
############ #..###.####
##........# #...##.##.###
###.##.....<.


You could see an ogre (poisoned).

Vanquished Creatures
  A water moccasin (D:5)
  An ice beast (D:5)
  A jelly (D:4)
  3 hounds (D:5)
  Natasha (thrice) (D:2 D:1)
  An iguana (D:4)
  An orc wizard (D:4)
  A hound skeleton (D:5)
  A howler monkey zombie (D:5)
  7 gnolls
  A howler monkey skeleton (D:4)
  7 adders
  An ufetubus (D:5)
  3 worms
  3 dart slugs (D:2)
  8 orcs (D:4)
  5 bats
  13 endoplasms
  2 giant cockroaches
  6 hobgoblins
  3 jackals (D:1)
  5 quokkas
  2 ball pythons (D:2)
  A frilled lizard (D:3)
  8 goblins
  2 kobolds (D:3)
  3 rats
93 creatures vanquished.

Notes
Turn   | Place    | Note
-------+----------+-------------------------------------------
     0 | D:1      | ZARRMARR the Ghoul Monk began the quest for the Orb.
     0 | D:1      | Reached XP level 1. HP: 19/19 MP: 0/0
   253 | D:1      | Reached XP level 2. HP: 26/26 MP: 1/1
   412 | D:1      | Found a faded altar of an unknown god.
   655 | D:1      | Reached skill level 4 in Unarmed Combat
   787 | D:1      | Reached XP level 3. HP: 28/33 MP: 2/2
   869 | D:1      | Identified a scroll of acquirement
   870 | D:1      | Acquired the ring of Soitach {Fly rC+ SInv}
   937 | D:2      | Noticed Natasha
  1079 | D:2      | Killed Natasha
  1100 | D:2      | Noticed Natasha
  1113 | D:2      | Killed Natasha
  1114 | D:2      | Reached XP level 4. HP: 26/40 MP: 3/3
  1383 | D:2      | Noticed Natasha
  1399 | D:1      | Killed Natasha
  1400 | D:1      | Reached skill level 5 in Unarmed Combat
  1400 | D:1      | Reached XP level 5. HP: 10/47 MP: 4/4
  1800 | D:2      | Found Zutadd's General Store.
  2014 | D:2      | Found Iheph's Antique Weapon Boutique.
  3376 | D:4      | Reached XP level 6. HP: 37/53 MP: 5/5
  3499 | D:4      | Reached skill level 6 in Unarmed Combat
  3920 | D:4      | Found an ornate altar of the Wu Jian Council.
  4031 | D:4      | Found a staircase to the Ecumenical Temple.
  4056 | Temple   | Entered the Ecumenical Temple
  4433 | Temple   | Became a worshipper of Gozag Ym Sagoz the Greedy
  4588 | D:4      | Found Disch's General Store.
  4592 | D:4      | Found Maaxked's Specific Store.
  5827 | D:5      | Entered Level 5 of the Dungeon
  5827 | D:5      | Noticed a water moccasin
  5844 | D:5      | Killed a water moccasin
  5845 | D:5      | Reached skill level 7 in Unarmed Combat
  5845 | D:5      | Reached XP level 7. HP: 9/60 MP: 6/6
  6197 | D:5      | Found a radiant altar of Vehumet.
  6208 | D:5      | Reached skill level 5 in Fighting
  6348 | D:5      | Reached skill level 8 in Unarmed Combat
  6551 | D:5      | Mangled by an ogre

Illustrated notes

Levels and vault maps discovered:
D:1:      ncdulo_smallfort, layout_loops_cross, dreamdust_ecumenical_altar_grove
D:2:      layout_rooms, serial_shops, shop, shop, hangedman_feature_mirror,
          uniq_natasha
D:3:      layout_loops_ring
D:4:      layout_basic, pdpol_wu_jian_five_deadly_venoms,
          minmay_temple_entry_mist, nicolae_specific_store,
          grunt_decor_mini_mirrors
D:5:      lemuel_ratsnest, layout_loops_cross, minitemple,
          nicolae_overflow_crystal_walls
Temple:   minmay_temple_curvy_loop

Skill      XL: |  1  2  3  4  5  6  7 |
---------------+----------------------+-----
Unarmed Combat | 4 5 7 8 |  8.1
Fighting       | 4 5 |  5.0
Stealth        | 3 4 |  4.1
Dodging        | |  2.6
Evocations     | |  0.1

Action                   |  1- 3 |  4- 6 |  7- 9 || total
-------------------------+-------+-------+-------++-------
Melee: Unarmed           |    75 |   204 |    47 ||   326
       Punch             |     3 |     4 |     2 ||     9
Throw: Stone             |    44 |       |       ||    44
       Dart              |     8 |   108 |    13 ||   129
       Boomerang         |       |       |     2 ||     2
Evoke: Wand              |       |       |     3 ||     3
  Use: Scroll            |     4 |     4 |       ||     8
       Potion            |       |     1 |       ||     1
 Stab: Sleeping          |       |     6 |     1 ||     7
Armor: Robe              |    18 |    19 |     5 ||    42
       Leather armour    |       |       |     2 ||     2
Dodge: Dodged            |    55 |   115 |    23 ||   193
